 Dungeon Crawl Stone Soup version 0.28.0-49-g6dfe1f597d (webtiles) character file.

Game seed: 3496583584295003708

3696 firemarshallily the Frost Mage (level 10, -1/75 HPs)
             Began as a Naga Ice Elementalist on May 13, 2022.
             Was an Initiate of Gozag.
             Slain by a two-headed ogre
             ... wielding a +0 giant club
              (5 damage)
             ... on level 8 of the Dungeon.
             The game lasted 00:47:14 (9182 turns).

firemarshallily the Frost Mage (NaIE)               Turns: 9182, Time: 00:47:15

Health: -1/75      AC: 17    Str: 14    XL:     10   Next: 13%
Magic:  3/22       EV: 10    Int: 25    God:    Gozag
Gold:   898        SH:  4    Dex: 15    Spells: 15/26 levels left

rFire   . . .      SeeInvis +   t - +6 dagger "Jiodaty" {freeze, Fragile Fly Str+4 Dex+2}
rCold   . . .      Faith    .   (no shield)
rNeg    . . .      Spirit   .   J - +1 robe {Will+}
rPois   +          Reflect  .   A - +0 helmet
rElec   .          Harm     .   C - +0 cloak
rCorr   .          Rampage  .   j - +0 pair of gloves
Will    ++...                   (no barding)
Stlth   ++........              o - amulet of the acrobat
HPRegen 0.22/turn               f - +6 ring of intelligence
MPRegen 0.18/turn               (no ring)

@: ice-armoured, flying, very slow
A: AC +3, large, see invisible, deformed body, poison resistance, slowness 2,
spit poison 1, naga tail 1, large bone plates 1
a: Spit Poison, Renounce Religion, Potion Petition, Call Merchant, Bribe Branch


You were on level 8 of the Dungeon.
You worshipped Gozag.
Gozag was pleased with you.
You visited 1 branch of the dungeon, and saw 8 of its levels.
You also visited: Sewer and Bailey.

You collected 983 gold pieces.
You paid 85 gold pieces to Gozag.

Inventory:

Hand Weapons
 e - the +6 dagger "Anomm" {freeze, Str+3}
   (You found it on level 5 of the Dungeon)

   It freezes those it strikes, dealing additional cold damage.
   It can also slow down cold-blooded creatures.
   Str:       It affects your strength (+3).
 p - a +0 short sword
 t - the +6 dagger "Jiodaty" (weapon) {freeze, Fragile Fly Str+4 Dex+2}
   (You found it on level 5 of the Dungeon)

   It freezes those it strikes, dealing additional cold damage.
   It can also slow down cold-blooded creatures.
   Str:       It affects your strength (+4).
   Dex:       It affects your dexterity (+2).
   Fly:       It grants you flight.
   Fragile:   It will be destroyed if unequipped.
Missiles
 g - 187 stones
 s - a throwing net
 H - 17 boomerangs
Armour
 j - a +0 pair of gloves (worn)
 A - a +0 helmet (worn)
 C - a +0 cloak (worn)
 J - a +1 robe of willpower (worn)
Magical Staves
 F - a staff of conjuration
Jewellery
 f - a +6 ring of intelligence (left hand)
 o - an amulet of the acrobat (around neck)
Wands
 k - a wand of flame (37)
 n - a wand of charming (11)
 D - a wand of iceblast (11)
Scrolls
 b - a scroll of fog
 d - 3 scrolls of teleportation {unknown}
 h - 2 scrolls of enchant armour {unknown}
 l - 2 scrolls of amnesia {unknown}
 m - 2 scrolls of immolation {unknown}
 q - 2 scrolls of identify
 r - a scroll of enchant weapon {unknown}
 w - a scroll of summoning {unknown}
 y - 2 scrolls of fear {unknown}
 B - a scroll of vulnerability {unknown}
 E - a scroll of blinking {unknown}
 G - a scroll of holy word {unknown}
Potions
 i - a potion of resistance {unknown}
 u - a potion of berserk rage {unknown}
 v - a potion of haste {unknown}
 x - a potion of heal wounds {unknown}
 z - a potion of lignification
 I - 4 potions of flight


   Skills:
 - Level 5.0 Short Blades
 - Level 2.0 Dodging
 - Level 3.0 Stealth
 * Level 8.8 Spellcasting
 * Level 10.2 Ice Magic


You had 15 spell levels left.
You knew the following spells:

 Your Spells              Type           Power      Damage    Failure   Level
a - Freeze                Ice            100%       1d11      1%          1
b - Frozen Ramparts       Ice            100%       1d12      1%          3
c - Ozocubu's Armour      Ice            58%        N/A       1%          3
d - Hailstorm             Conj/Ice       36%        3d9       7%          4

Your spell library contained the following spells:

 Spells                   Type           Power      Damage    Failure   Level
 Apportation              Tloc           22%        N/A       5%          1
 Beastly Appendage        Tmut           22%        N/A       5%          1
 Wereblood                Tmut           11%        N/A       9%          2
 Spider Form              Tmut/Pois      11%        N/A       17%         3
 Alistair's Intoxication  Tmut/Pois      7%         N/A       83%         5


Dungeon Overview and Level Annotations

Branches:
Dungeon (8/15)             Temple (0/1) D:7           Sewer (visited)
 Bailey (visited)
   Lair: D:8-11

Altars:
Ashenzari
Dithmenos
Gozag
Okawaru
Trog
Zin

Shops:
D:1 !:[   D:5 [


Innate Abilities, Weirdness & Mutations

Your serpentine skin is tough. (AC +3)
You have supernaturally acute eyesight. (SInv)
Armour fits poorly on your strangely shaped body.
Your system is resistant to poisons. (rPois)
You cover ground very slowly.
You can spit poison.
You have a snake-like lower body.
You are partially covered in large bone plates. (SH +4)


Message History

You throw a boomerang.
The boomerang hits the two-headed ogre but does no damage.
The two-headed ogre is lightly wounded.
You have got your breath back.
Your magical contamination has completely faded away.
The two-headed ogre completely misses you. x2
The two-headed ogre hits you with a +0 giant club.
The two-headed ogre hits you with a +0 giant spiked club!!
The two-headed ogre misses you.
The two-headed ogre hits you with a +0 giant spiked club!
Casting: Hailstorm (dangerous; 7% risk of failure)
Confirm with . or Enter, or press ? or * to list all spells.
A film of ice covers your body!
The two-headed ogre hits you with a +0 giant club!
The two-headed ogre hits you with a +0 giant spiked club.
* * * LOW HITPOINT WARNING * * *
Casting: Ozocubu's Armour (safe; 1% risk of failure)
Confirm with . or Enter, or press ? or * to list all spells.
Aiming: Freeze (safe; 1% risk of failure)
Press: ? - help, Shift-Dir - straight line, f/p - two-headed ogre
Aim: a two-headed ogre, wielding a +0 giant club and a +0 giant spiked club
Okay, then.
You hit the two-headed ogre. You freeze the two-headed ogre.
The two-headed ogre is lightly wounded.
You barely miss the two-headed ogre.
The two-headed ogre is lightly wounded.
The two-headed ogre hits you with a +0 giant club!
* * * LOW HITPOINT WARNING * * *
The two-headed ogre hits you with a +0 giant spiked club!
* * * LOW HITPOINT WARNING * * *
Casting: Freeze (safe; 1% risk of failure)
Confirm with . or Enter, or press ? or * to list all spells.
Aiming: Freeze (safe; 1% risk of failure)
Press: ? - help, Shift-Dir - straight line, f/p - two-headed ogre
Aim: a two-headed ogre, wielding a +0 giant club and a +0 giant spiked club (lightly wounded)
You freeze the two-headed ogre.
The two-headed ogre is lightly wounded.
The two-headed ogre hits you with a +0 giant club.
You die...
Your body crumbles into a pile of gold.

#...##..#...............
.........##..............
.........# ##.............
..........####...........##
............#..#........##
..............####.....##
...............# ##..###
...............## ####
#............@..##
#............O...##
#.................#
#..........)....##
#..............##
#.............##
##...........##
#..........#.###
##.........##..####


You could see a two-headed ogre.

Vanquished Creatures
  A cyclops (D:7)
  Grinder (D:6)
  A wraith (D:7)
  4 water moccasins
  5 orc warriors
  2 sky beasts
  An ice beast (D:7)
  A necrophage (D:6)
  4 ogres
  A phantom (D:5)
  2 bullfrogs
  A gnoll sergeant (D:8)
  3 scorpions
  A wyvern skeleton (D:7)
  A water moccasin skeleton (D:6)
  2 centaur zombies
  A hound (D:4)
  A jelly (D:7)
  4 orc priests
  2 centaur skeletons (D:7)
  3 iguanas
  Natasha (thrice) (D:3)
  3 orc wizards
  A hell rat (Sewer)
  2 hound skeletons (D:5)
  A howler monkey zombie (D:5)
  10 gnolls
  4 adders
  A river rat (Sewer)
  A shadow imp (D:5)
  An ufetubus (D:5)
  2 worms
  11 orcs
  7 bats
  7 endoplasms
  2 giant cockroaches
  15 goblins
  10 hobgoblins
  11 jackals
  7 ball pythons
  3 frilled lizards
  16 kobolds
  8 rats
  A butterfly (D:7)
169 creatures vanquished.

Vanquished Creatures (others)
  An endoplasm (D:4)
1 creature vanquished.

Grand Total: 170 creatures vanquished

Notes
Turn   | Place    | Note
-------+----------+-------------------------------------------
     0 | D:1      | firemarshallily the Naga Ice Elementalist began the quest
                  | for the Orb.
     0 | D:1      | Reached XP level 1. HP: 15/15 MP: 3/3
    74 | D:1      | Found Zufyll's Book Shop.
    96 | D:1      | Reached XP level 2. HP: 21/22 MP: 0/5
   444 | D:1      | Found Oplearopp's Distillery.
   689 | D:1      | Found Etoskuuh's Armour Boutique.
  1218 | D:2      | Reached XP level 3. HP: 28/28 MP: 3/6
  1222 | D:2      | Learned a level 3 spell: Frozen Ramparts
  1226 | D:2      | Learned a level 3 spell: Ozocubu's Armour
  1976 | D:3      | Noticed Natasha
  1977 | D:3      | Reached XP level 4. HP: 36/36 MP: 0/8
  1988 | D:3      | Killed Natasha
  1989 | D:3      | Reached skill level 5 in Ice Magic
  2174 | D:3      | Reached XP level 5. HP: 35/42 MP: 4/10
  2415 | D:3      | Noticed Natasha
  2424 | D:3      | Killed Natasha
  2446 | D:3      | Noticed Natasha
  2455 | D:3      | Killed Natasha
  2893 | D:4      | Reached XP level 6. HP: 49/49 MP: 3/12
  3154 | D:4      | Found a bloodstained altar of Trog.
  3837 | D:5      | Entered Level 5 of the Dungeon
  3858 | D:4      | Learned a level 4 spell: Hailstorm
  4010 | D:5      | Reached skill level 6 in Ice Magic
  4303 | D:5      | Gained mutation: You are dopey. (Int -2) [potion of
                  | mutation]
  4303 | D:5      | Gained mutation: You are partially covered in large bone
                  | plates. (SH +4) [potion of mutation]
  4303 | D:5      | Lost mutation: You are dopey. (Int -2) [potion of mutation]
  4364 | D:5      | Reached XP level 7. HP: 28/55 MP: 6/14
  4457 | D:5      | Reached skill level 5 in Spellcasting
  4739 | D:5      | Identified the +6 dagger "Anomm" {freeze, Str+3}
  5050 | D:5      | Reached skill level 1 in Short Blades
  5149 | D:5      | Identified the +6 dagger "Jiodaty" {freeze, Fragile Fly
                  | Str+4 Dex+2}
  5273 | D:5      | Reached skill level 7 in Ice Magic
  5535 | D:5      | Reached XP level 8. HP: 62/62 MP: 7/16
  5871 | D:5      | Found Ikkotsod's Antique Armour Emporium.
  5929 | D:6      | Found a glowing drain.
  5980 | Sewer    | Entered a sewer
  6377 | D:6      | Found an opulent altar of Gozag.
  6386 | D:6      | Became a worshipper of Gozag Ym Sagoz the Greedy
  6408 | D:6      | Found a glowing silver altar of Zin.
  6409 | D:6      | Found a shadowy altar of Dithmenos.
  6595 | D:6      | Noticed Grinder
  6610 | D:6      | Killed Grinder
  6611 | D:6      | Reached skill level 8 in Ice Magic
  6986 | D:6      | Reached XP level 9. HP: 27/68 MP: 11/19
  7492 | D:7      | Reached skill level 9 in Ice Magic
  7617 | D:7      | Found a flagged portal.
  7680 | Bailey   | Entered a bailey
  8291 | D:7      | Found a staircase to the Ecumenical Temple.
  8302 | D:7      | Found an iron altar of Okawaru.
  8308 | D:7      | Noticed a cyclops
  8325 | D:7      | Killed a cyclops
  8326 | D:7      | Reached XP level 10. HP: 35/75 MP: 1/22
  8663 | D:7      | Reached skill level 10 in Ice Magic
  8669 | D:7      | Reached skill level 5 in Short Blades
  8669 | D:7      | Found a broken altar of Ashenzari.
  9157 | D:8      | Noticed a two-headed ogre
  9182 | D:8      | Slain by a two-headed ogre

Illustrated notes

Levels and vault maps discovered:
D:1:      ncdulo_halloftheorcs, layout_basic, serial_shops,
          nicolae_shop_hallway_plus, shop, nicolae_shop_waterfront
D:2:      layout_basic, serial_co_window_serial, co_window_of_opportunity_a,
          co_window_corner_a, co_window_corner_a, co_window_corner_a,
          co_window_paths_a, co_window_corner_a, co_window_corner_a,
          co_window_corner_a, co_window_paths_a, co_window_unsneaky_path_c,
          co_window_2corner, co_window_unsneaky_path_d, glass_columns_a,
          glass_columns_b, glass_columns_a, glass_columns_b, glass_columns_a,
          nicolae_figureground_pulse
D:3:      layout_loops_ring, uniq_natasha
D:4:      layout_layer_cave, trog_book
D:5:      layout_basic, serial_shops, shop
D:6:      nicolae_BIG_FREAKIN_CUBE, layout_basic,
          gammafunk_temple_overflow_statue, grunt_gozag_statues,
          gup_sewer_entry_glass, kennysheep_cluttered_room, uniq_grinder
D:7:      layout_rooms, nicolae_ashenzari_panopticon,
          mainiacjoe_overflow_catwalk, minmay_temple_entry_butterflies,
          enter_bailey_3, kennysheep_nondescript, grunt_ministairs_6
D:8:      layout_cave_pods, bloody_makhleb, st_stairs_6

Skill      XL: |  1  2  3  4  5  6  7  8  9 10 |
---------------+-------------------------------+-----
Dodging        | 2 |  2.0
Spellcasting   | 3 4 5 7 8 |  8.8
Ice Magic      | 5 6 7 8 9 10 | 10.2
Short Blades   | 1 3 4 5 |  5.0
Stealth        | |  3.0

Action                   |  1- 3 |  4- 6 |  7- 9 | 10-12 || total
-------------------------+-------+-------+-------+-------++-------
Melee: Unarmed           |     2 |    11 |       |       ||    13
       Spear             |       |    21 |    40 |       ||    61
       Punch             |       |     1 |     3 |       ||     4
       Dagger            |       |       |   116 |    14 ||   130
Throw: Stone             |       |       |     3 |       ||     3
       Throwing net      |       |       |     1 |       ||     1
       Boomerang         |       |       |     1 |     6 ||     7
 Cast: Freeze            |    43 |    27 |    20 |     9 ||    99
       Frozen Ramparts   |     1 |    10 |    25 |     3 ||    39
       Ozocubu's Armour  |       |     6 |    21 |     4 ||    31
       Hailstorm         |       |       |    21 |     3 ||    24
 Abil: Spit Poison       |    26 |    17 |    12 |     1 ||    56
  Use: Scroll            |       |     3 |       |       ||     3
       Potion            |       |     2 |     2 |       ||     4
 Stab: Sleeping          |       |       |     1 |       ||     1
Armor: Robe              |     7 |    15 |    81 |     6 ||   109
       Skin              |       |     8 |       |       ||     8
Dodge: Dodged            |     8 |    21 |    89 |     8 ||   126
Block: Other             |       |     1 |    33 |     3 ||    37
